 Dungeon Crawl Stone Soup version 0.25-a0-435-g4b9beb1 (webtiles) character file.

Game seed: 18050574141737732039, levelgen mode: deterministic

2892 Dipylidium the Magician (level 9, -2/71 HPs)
             Began as a Gnoll Skald on Jan 29, 2020.
             Was a Believer of Ashenzari.
             Slain by a killer bee (5 damage)
             ... on level 8 of the Dungeon.
             The game lasted 00:15:03 (5606 turns).

Dipylidium the Magician (Gnoll Skald)               Turns: 5606, Time: 00:15:04

Health: -2/71      AC:  9    Str: 19    XL:     9   Next: 77%
Magic:  14/19      EV: 19    Int: 21    God:    Ashenzari [**....]
Gold:   489        SH:  6    Dex: 19    Spells: 10/21 levels left

rFire    . . .     SeeInvis .   E - +10 falchion of a treasure trove {vorpal, Int+5 Dex+4}
rCold    . . .     Gourm    .   A - +0 buckler
rNeg     . . .     Faith    .   s - +1 ring mail
rPois    .         Spirit   .   l - +0 helmet
rElec    .         Reflect  .   v - +0 cloak (curse)
rCorr    .         Harm     .   (no gloves)
MR       .....                  (no boots)
Stlth    ++........             (no amulet)
HPRegen  0.21/turn              z - +3 ring of strength
MPRegen  0.16/turn              C - +3 ring of evasion

@: no status effects
A: distributed training, fangs 1, strong nose
a: Curse Item, Scrying, Renounce Religion


You were on level 8 of the Dungeon.
You worshipped Ashenzari.
Ashenzari was pleased with you.
You were not hungry.

You visited 2 branches of the dungeon, and saw 9 of its levels.

You collected 489 gold pieces.

Inventory:

Hand Weapons
 a - a +2 trident
 u - a +4 quarterstaff of chaos
 E - the +10 falchion of a treasure trove (weapon) {vorpal, Int+5 Dex+4}
   (You found it on level 7 of the Dungeon)

   It inflicts extra damage upon your enemies.
   It affects your intelligence (+5).
   It affects your dexterity (+4).
Missiles
 h - 11 atropa-tipped darts (quivered)
 j - 22 poisoned darts
Armour
 l - a +0 helmet (worn)
 s - a +1 ring mail (worn)
 v - a cursed +0 cloak (worn)
 A - a +0 buckler (worn)
Magical Staves
 r - an uncursed staff of death
Jewellery
 k - a +5 ring of dexterity
 z - a +3 ring of strength (left hand)
 C - a +3 ring of evasion (right hand)
Wands
 i - a wand of digging (13)
 m - a wand of enslavement (8)
 F - a wand of polymorph (7)
Scrolls
 b - a scroll of fear
 c - a scroll of enchant armour
 n - 5 scrolls of remove curse
 p - a scroll of enchant weapon
 y - 2 scrolls of magic mapping
 B - a scroll of teleportation
Potions
 e - 4 potions of brilliance
 f - 2 potions of haste
 g - 2 potions of heal wounds
 o - 2 potions of mutation
 q - 2 potions of flight
 t - a potion of might
 x - a potion of resistance
 D - 2 potions of magic {unknown}
Comestibles
 d - 10 rations
 G - 6 chunks of flesh


   Skills:
 + Level 6.5 Fighting
 + Level 4.5 Short Blades
 + Level 4.5 Long Blades
 + Level 4.5 Axes
 + Level 4.5 Maces & Flails
 + Level 6.5 Polearms
 + Level 4.5 Staves
 + Level 4.5 Slings
 + Level 4.5 Bows
 + Level 4.5 Crossbows
 + Level 4.5 Throwing
 + Level 5.2 Armour
 + Level 6.5 Dodging
 + Level 4.5 Stealth
 + Level 4.5 Shields
 + Level 4.5 Unarmed Combat
 + Level 6.8 Spellcasting
 + Level 3.7 Conjurations
 + Level 3.7 Hexes
 + Level 6.6 Charms
 + Level 3.7 Summonings
 + Level 3.7 Necromancy
 + Level 3.7 Translocations
 + Level 3.7 Transmutations
 + Level 3.7 Fire Magic
 + Level 3.7 Ice Magic
 + Level 3.7 Air Magic
 + Level 3.7 Earth Magic
 + Level 3.7 Poison Magic
 + Level 4.9 Invocations
 + Level 4.5 Evocations


You had 10 spell levels left.
You knew the following spells:

 Your Spells              Type           Power        Failure   Level  Hunger
a - Infusion              Chrm           ####         1%          1    None
b - Spectral Weapon       Hex/Chrm       ####....     5%          3    #......
c - Inner Flame           Hex/Fire       ###.....     10%         3    #......
d - Animate Dead          Necr           N/A          32%         4    ###....

Your spell library contained the following spells:

 Spells                   Type           Power        Failure   Level  Hunger
 Song of Slaying          Chrm           #####...     1%          2    None
 Shroud of Golubria       Chrm/Tloc      ####..       2%          2    None
 Animate Skeleton         Necr           N/A          3%          1    None
 Foxfire                  Conj/Fire      ###.         3%          1    None
 Pain                     Necr           ###.         3%          1    None
 Ozocubu's Armour         Chrm/Ice       ####....     5%          3    #......
 Conjure Flame            Conj/Fire      ###.....     10%         3    #......
 Vampiric Draining        Necr           ###.......   10%         3    #......
 Sticky Flame             Conj/Fire      ###.....     32%         4    ###....
 Agony                    Necr           ###.....     65%         5    #####..
 Fireball                 Conj/Fire      ###.......   65%         5    #####..


Dungeon Overview and Level Annotations

Branches:
Dungeon (8/15)             Temple (1/1) D:6
   Lair: D:8-11

Altars:
Ashenzari
Cheibriados
Dithmenos
Elyvilon
Fedhas
Gozag
Hepliaklqana
Kikubaaqudgha
Makhleb
Nemelex Xobeh
Okawaru
Qazlal
Ru
Sif Muna
Trog
Uskayaw
Vehumet
Wu Jian
Xom
Yredelemnul
Zin
The Shining One


Innate Abilities, Weirdness & Mutations

Your experience applies equally to all skills.
You have very sharp teeth.
Your uncanny sense of smell can sniff out nearby items.


Message History

The killer bee misses you. You block the killer bee's attack.
The killer bee misses you.
You barely miss the killer bee.
The killer bee is severely wounded.
The killer bee completely misses you. x2; The killer bee misses you.
You riposte.
You miss the killer bee.
The killer bee is severely wounded.
The killer bee barely misses you.
You riposte.
You slash the killer bee! Your bite misses the killer bee.
The killer bee is severely wounded.
The killer bee stings you but does no damage.
The killer bee completely misses you.
Casting: Spectral Weapon (safe; 5% risk of failure)
Confirm with . or Enter, or press ? or * to list all spells.
You draw out your weapon's spirit!
The killer bee stings you.
* * * LOW HITPOINT WARNING * * *
The killer bee stings you.
* * * LOW HITPOINT WARNING * * *
The killer bee stings you.
You die...

, ... #....†....#
#.# #?.)......# ,
#..####))###### *
#..###y##
.###..†..)#
#......†..##
..........########
##.(........y....#
##...._....y@...#
###.....#.y..(.#
#.....#.....<#
#######......#
#......# ########


You could see 3 killer bees and a friendly spectral +10 falchion of a treasure
trove {vorpal, Int+5 Dex+4}.

Vanquished Creatures
  Pikel (D:5)
  A queen bee (D:8)
  A meliai zombie (D:8)
  An ice beast (D:6)
  A sky beast (D:5)
  5 ogres
  2 centaurs
  Blork the orc (D:4)
  A scorpion (D:5)
  5 killer bees (D:8)
  2 crimson imps
  A centaur skeleton (D:6)
  Crazy Yiuf (D:3)
  A gnoll shaman (D:8)
  A hound (D:5)
  An orc priest (D:6)
  3 orc wizards
  2 iguanas
  8 worker ants
  A hound skeleton (D:5)
  15 gnolls
  13 adders
  2 shadow imps
  An ooze (D:3)
  An adder zombie (D:6)
  2 adder skeletons (D:6)
  3 dart slugs
  4 leopard geckos
  17 orcs
  4 bats
  8 giant cockroaches
  9 goblins
  8 hobgoblins
  9 jackals
  5 quokkas
  5 frilled lizards
  5 kobolds
  A leopard gecko zombie (D:7)
  5 rats
157 creatures vanquished.

Vanquished Creatures (others)
  A gnoll (D:5)
  A giant cockroach (D:5)
  A frilled lizard (D:5)
  3 spectral weapons
6 creatures vanquished.

Grand Total: 163 creatures vanquished

Notes
Turn   | Place    | Note
-------+----------+-------------------------------------------
     0 | D:1      | Dipylidium the Gnoll Skald began the quest for the Orb.
     0 | D:1      | Reached XP level 1. HP: 20/20 MP: 6/6
   336 | D:1      | Reached XP level 2. HP: 24/26 MP: 7/7
   968 | D:2      | Reached XP level 3. HP: 24/31 MP: 9/9
   970 | D:2      | Reached skill level 5 in Spellcasting
   975 | D:2      | Learned a level 3 spell: Spectral Weapon
  1011 | D:2      | Reached skill level 1 in Invocations
  1012 | D:2      | Found a shattered altar of Ashenzari.
  1015 | D:2      | Found a shimmering blue altar of Sif Muna.
  1020 | D:2      | Became a worshipper of Ashenzari the Shackled
  1038 | D:2      | Reached skill level 1 in Short Blades
  1038 | D:2      | Reached skill level 1 in Long Blades
  1038 | D:2      | Reached skill level 1 in Axes
  1038 | D:2      | Reached skill level 1 in Maces & Flails
  1038 | D:2      | Reached skill level 1 in Staves
  1038 | D:2      | Reached skill level 1 in Slings
  1038 | D:2      | Reached skill level 1 in Bows
  1038 | D:2      | Reached skill level 1 in Crossbows
  1038 | D:2      | Reached skill level 1 in Throwing
  1038 | D:2      | Reached skill level 1 in Stealth
  1038 | D:2      | Reached skill level 1 in Shields
  1038 | D:2      | Reached skill level 1 in Unarmed Combat
  1038 | D:2      | Reached skill level 1 in Evocations
  1058 | D:2      | Reached XP level 4. HP: 32/38 MP: 9/11
  1290 | D:2      | Found a hide-covered altar of Uskayaw.
  1532 | D:2      | Found a faded altar of an unknown god.
  1680 | D:2      | Found a shadowy altar of Dithmenos.
  1680 | D:2      | Found an ancient bone altar of Kikubaaqudgha.
  1680 | D:2      | Found a glowing golden altar of the Shining One.
  1680 | D:2      | Found a glowing silver altar of Zin.
  1681 | D:2      | Found a shimmering altar of Xom.
  1684 | D:2      | Found a sparkling altar of Nemelex Xobeh.
  1685 | D:2      | Found an opulent altar of Gozag.
  1754 | D:3      | Reached skill level 1 in Conjurations
  1754 | D:3      | Reached skill level 1 in Hexes
  1754 | D:3      | Reached skill level 1 in Summonings
  1754 | D:3      | Reached skill level 1 in Necromancy
  1754 | D:3      | Reached skill level 1 in Translocations
  1754 | D:3      | Reached skill level 1 in Transmutations
  1754 | D:3      | Reached skill level 1 in Fire Magic
  1754 | D:3      | Reached skill level 1 in Ice Magic
  1754 | D:3      | Reached skill level 1 in Air Magic
  1754 | D:3      | Reached skill level 1 in Earth Magic
  1754 | D:3      | Reached skill level 1 in Poison Magic
  1845 | D:3      | Reached XP level 5. HP: 43/43 MP: 8/12
  2114 | D:3      | Found a runed translucent door.
  2115 | D:3      | Noticed Crazy Yiuf
  2124 | D:3      | Killed Crazy Yiuf
  2562 | D:4      | Noticed an ogre
  2571 | D:4      | Killed an ogre
  2571 | D:4      | Reached XP level 6. HP: 38/50 MP: 7/13
  2612 | D:4      | Reached skill level 5 in Fighting
  2612 | D:4      | Reached skill level 5 in Polearms
  2612 | D:4      | Reached skill level 5 in Dodging
  2612 | D:4      | HP: 2/51 [orc/+0 hand axe (2)]
  2661 | D:4      | Found a sand-covered staircase.
  2973 | D:4      | Reached * piety under Ashenzari
  3039 | D:4      | Found a burning altar of Makhleb.
  3039 | D:4      | Noticed Blork the orc
  3047 | D:4      | Killed Blork the orc
  3047 | D:4      | Reached XP level 7. HP: 56/56 MP: 12/15
  3225 | D:5      | Entered Level 5 of the Dungeon
  3288 | D:5      | Noticed Pikel
  3308 | D:5      | Killed Pikel
  3308 | D:5      | Reached XP level 8. HP: 47/63 MP: 11/16
  3426 | D:5      | Found a sacrificial altar of Ru.
  3947 | D:6      | Found a staircase to the Ecumenical Temple.
  3961 | Temple   | Entered the Ecumenical Temple
  4160 | D:6      | Learned a level 3 spell: Inner Flame
  4219 | D:6      | Reached XP level 9. HP: 69/69 MP: 16/18
  4720 | D:6      | Reached ** piety under Ashenzari
  5241 | D:7      | Got the falchion of a treasure trove {vorpal, Int+5 Dex+4}
  5242 | D:7      | Identified the +10 falchion of a treasure trove {vorpal,
                  | Int+5 Dex+4} (You found it on level 7 of the Dungeon)
  5517 | D:8      | Learned a level 4 spell: Animate Dead
  5518 | D:8      | Found a bloodstained altar of Trog.
  5537 | D:8      | Reached skill level 5 in Armour
  5548 | D:8      | Noticed a queen bee
  5559 | D:8      | Killed a queen bee
  5606 | D:8      | HP: 3/71 [killer bee (4)]
  5606 | D:8      | Slain by a killer bee

Levels and vault maps discovered:
D:1:      nzn_arrival_crosshair, layout_basic
D:2:      layout_rooms, old_standard_altar, minitemple,
          chequers_ecumenical_altar_lobes, grunt_ministairs_5
D:3:      layout_loops_cross, minmay_close_crescents, uniq_crazy_yiuf_cottage
D:4:      layout_rooms, first_ration, enter_ossuary_5, bloody_makhleb,
          uniq_blork_the_orc
D:5:      layout_loops_ring, nicolae_ru_awakened_eye, uniq_pikel
D:6:      layout_loops_corners, minmay_temple_entry_offerings, serial_rivers,
          chequers_serial_rivers_small_a, chequers_serial_rivers_small_b,
          chequers_serial_rivers_large_a, chequers_serial_rivers_small_b,
          kennysheep_generic_room_2
D:7:      layout_cave_pools
D:8:      layout_rooms, basic_altar, david_nohive_1
Temple:   minmay_temple_bridge_abc

Skill      XL: |  1  2  3  4  5  6  7  8  9 |
---------------+----------------------------+-----
Spellcasting   | 5 6 |  6.8
Invocations    | 1 2 3 4 |  4.9
Short Blades   | 1 2 3 4 |  4.5
Long Blades    | 1 2 3 4 |  4.5
Axes           | 1 2 3 4 |  4.5
Maces & Flails | 1 2 3 4 |  4.5
Staves         | 1 2 3 4 |  4.5
Slings         | 1 2 3 4 |  4.5
Bows           | 1 2 3 4 |  4.5
Crossbows      | 1 2 3 4 |  4.5
Throwing       | 1 2 3 4 |  4.5
Stealth        | 1 2 3 4 |  4.5
Shields        | 1 2 3 4 |  4.5
Unarmed Combat | 1 2 3 4 |  4.5
Evocations     | 1 2 3 4 |  4.5
Conjurations   | 1 2 3 |  3.7
Hexes          | 1 2 3 |  3.7
Summonings     | 1 2 3 |  3.7
Necromancy     | 1 2 3 |  3.7
Translocations | 1 2 3 |  3.7
Transmutations | 1 2 3 |  3.7
Fire Magic     | 1 2 3 |  3.7
Ice Magic      | 1 2 3 |  3.7
Air Magic      | 1 2 3 |  3.7
Earth Magic    | 1 2 3 |  3.7
Poison Magic   | 1 2 3 |  3.7
Armour         | 3 4 5 |  5.2
Fighting       | 5 6 |  6.5
Polearms       | 5 6 |  6.5
Dodging        | 5 6 |  6.5
Charms         | 6 |  6.6

Action                   |  1- 3 |  4- 6 |  7- 9 || total
-------------------------+-------+-------+-------++-------
Melee: Spear             |    89 |     3 |       ||    92
       Bite              |     7 |     9 |    25 ||    41
       Trident           |       |   118 |   172 ||   290
       Punch             |       |       |     4 ||     4
       Falchion          |       |       |    37 ||    37
Throw: Dart              |       |       |     3 ||     3
 Cast: Spectral Weapon   |     2 |    15 |    26 ||    43
Evoke: Wand              |       |       |     1 ||     1
  Use: Scroll            |       |    16 |     3 ||    19
       Potion            |       |       |     1 ||     1
 Stab: Sleeping          |     1 |     3 |    12 ||    16
       Distracted        |       |       |     3 ||     3
  Eat: Chunk             |     1 |     7 |    10 ||    18
Armor: Leather armour    |    11 |     1 |       ||    12
       Ring mail         |       |    14 |    38 ||    52
Dodge: Dodged            |    36 |    44 |   130 ||   210
Block: Buckler           |       |       |    34 ||    34
       Rpst.: Falchion   |       |       |    11 ||    11

Table legend:
 A = Non-vault XP
 B = Vault XP
 C = Vault XP percentage of total XP
 D = Non-vault monster count
 E = Vault monster count
 F = Vault count percentage of total count
                 A         B        C        D         E       F
            +---------+---------+-------+---------+---------+-------
      Total |    2694 |    1438 |  34.8 |     143 |      14 |   8.9
            +---------+---------+-------+---------+---------+-------
        D:1 |      32 |       0 |   0.0 |      18 |       0 |   0.0
        D:2 |      94 |       5 |   5.1 |      25 |       2 |   7.4
        D:3 |      81 |      57 |  41.3 |      21 |       3 |  12.5
        D:4 |     333 |      87 |  20.7 |      14 |       1 |   6.7
        D:5 |     813 |     641 |  44.1 |      24 |       1 |   4.0
        D:6 |     588 |      33 |   5.3 |      22 |       1 |   4.3
        D:7 |     353 |       0 |   0.0 |       9 |       0 |   0.0
        D:8 |     400 |     615 |  60.6 |      10 |       6 |  37.5
            +---------+---------+-------+---------+---------+-------
